 Dungeon Crawl Stone Soup version 0.30-a0-305-g026cb31310 (webtiles) character file.

Game seed: 645186359315378243

113 McGhostyFace the Carver (level 4, -5/32 HPs)
             Began as a Gnoll Wanderer on Oct 24, 2022.
             Killed by nerve-wracking pain
             ... invoked by Grinder
              (11 damage)
             ... while paralysed by Grinder
             ... on level 2 of the Dungeon.
             The game lasted 00:02:34 (1821 turns).

McGhostyFace the Carver (Gnoll Wanderer)            Turns: 1821, Time: 00:02:34

Health: -5/32      AC:  3    Str:  9    XL:     4   Next: 96%
Magic:  6/6        EV:  2    Int: 11    God:
Gold:   191        SH:  0    Dex: 16    Spells: 5/5 levels left

rFire   . . .      SeeInvis .    a - +2 falchion
rCold   . . .      Faith    .    c - +0 buckler
rNeg    . . .      Spirit   .    e - +0 leather armour
rPois   .          Reflect  .    (no helmet)
rElec   .          Harm     .    (no cloak)
rCorr   .          Rampage  .    (no gloves)
Will    .....                    (no boots)
Stlth   ++........               (no amulet)
HPRegen 0.25/turn                (no ring)
MPRegen 0.10/turn                (no ring)

@: paralysed
A: fangs 1, strong nose, distributed training
a: no special abilities


You were on level 2 of the Dungeon.
You visited 1 branch of the dungeon, and saw 3 of its levels.

You collected 191 gold pieces.

Inventory:

Hand Weapons
 a - a +2 falchion (weapon)
 b - a +0 quarterstaff
Missiles
 k - 3 silver javelins (quivered)
Armour
 c - a +0 buckler (worn)
 e - a +0 leather armour (worn)
Jewellery
 j - a ring of protection from fire
Scrolls
 d - 2 scrolls of butterflies
 f - a scroll of fear {unknown}
 h - a scroll of silence {unknown}
 i - a scroll of poison {unknown}
 l - a scroll of teleportation {unknown}
 m - a scroll of torment {unknown}
 n - a scroll of identify {unknown}
 o - a scroll of noise {unknown}
 p - a scroll of enchant weapon {unknown}
Potions
 g - 2 potions of mutation {unknown}


   Skills:
 + Level 1.3 Fighting
 + Level 1.3 Short Blades
 + Level 8.6 Long Blades
 + Level 1.3 Axes
 + Level 1.3 Maces & Flails
 + Level 1.3 Polearms
 + Level 2.9 Staves
 + Level 1.3 Ranged Weapons
 + Level 1.3 Throwing
 + Level 1.3 Armour
 + Level 4.7 Dodging
 + Level 1.3 Stealth
 + Level 2.9 Shields
 + Level 1.3 Unarmed Combat
 + Level 1.3 Spellcasting
 + Level 1.1 Conjurations
 + Level 1.1 Hexes
 + Level 1.1 Summonings
 + Level 1.1 Necromancy
 + Level 1.1 Translocations
 + Level 1.1 Transmutations
 + Level 1.1 Fire Magic
 + Level 1.1 Ice Magic
 + Level 1.1 Air Magic
 + Level 1.1 Earth Magic
 + Level 1.1 Poison Magic
 + Level 3.0 Invocations
 + Level 2.9 Evocations


You had 5 spell levels left.
You didn't know any spells.
Your spell library contained the following spells:

 Spells                   Type           Power      Damage    Failure   Level
 Call Canine Familiar     Summ           3%         N/A       73%         3
 Portal Projectile        Hex/Tloc       6%         N/A       73%         3
 Animate Armour           Summ/Erth      6%         N/A       98%         4
 Leda's Liquefaction      Hex/Erth       1%         N/A       98%         4
 Blade Hands              Tmut           1%         N/A       100%        5
 Iron Shot                Conj/Erth      1%         9d1       100%        6


Dungeon Overview and Level Annotations

Branches:
Dungeon (3/15)

Altars:

Annotations:
D:2 Grinder, Sigmund


Innate Abilities, Weirdness & Mutations

You have very sharp teeth.
Your uncanny sense of smell can sniff out nearby items.
Your experience applies equally to all skills.


Message History

You hit the giant cockroach.
You kill the giant cockroach!
No target in view!
Found a leather armour.
No target in view!
A frilled lizard comes into view.
The helpless frilled lizard fails to defend itself.
You hit the frilled lizard.
You kill the frilled lizard!
No target in view!
Found a stone staircase leading down.
There is a stone staircase leading down here.
There is a stone staircase leading down here.
There is a stone staircase leading up here.
There is a stone staircase leading down here.
You see here a +0 dagger.
Done exploring.
Done exploring.
There is a stone staircase leading down here.
You climb downwards.
Sigmund shouts!
Grinder shouts!
The hobgoblin shouts!
The goblin shouts!
Found 29 gold pieces.
Found a stone staircase leading up.
There is a stone staircase leading up here.
There are monsters nearby!
The endoplasm quivers.
Grinder barely misses you. You block Sigmund's attack.
You climb upwards.
There is a stone staircase leading down here.
Grinder gestures at you.
You suddenly lose the ability to move!
Sigmund hits you with a +4 vampiric scythe!
Grinder gestures at you.
You shrug off the repeated paralysis!
Grinder gestures at you. Pain shoots through your body!
Sigmund hits you with a +4 vampiric scythe.
* * * LOW HITPOINT WARNING * * *
Grinder gestures at you. Pain shoots through your body!
You die...

#.##.#####.#.# #.##.#####..#.
########## #.##.##......#
#........# #.##.##.##....
#.######.# #.##.#....#.)# #.# #.#
#.##.....###.. ##.# #.#
#.####....#..# ...#
#.##########.#####.##.#.#
#..######.......@>5...........#.#
#..............#@###..........#.#
##.####.###....#.# ##########.#..
#.# #.# ##.#.#.# #.### #.# #.#
#...#.# #.# #.####.# ##..#.## #.#
#......#####.....# #.#
#####†.##.)......# #.#
#............# #.#


You could see Grinder and Sigmund.

Vanquished Creatures
  An orc priest (D:2)
  2 adders (D:2)
  3 worms (D:2)
  A dart slug (D:1)
  2 orcs (D:2)
  5 ball pythons
  3 endoplasms
  3 giant cockroaches
  7 goblins
  3 hobgoblins (D:1)
  4 quokkas (D:1)
  7 bats
  2 frilled lizards (D:2)
  4 kobolds
  5 rats
52 creatures vanquished.

Notes
Turn   | Place    | Note
-------+----------+-------------------------------------------
     0 | D:1      | McGhostyFace the Gnoll Wanderer began the quest for the
                  | Orb.
     0 | D:1      | McGhostyFace set off with the following items: a +2
                  | falchion, a +0 quarterstaff, a +0 buckler, a scroll of
                  | butterflies, a +0 leather armour.
     0 | D:1      | Reached XP level 1. HP: 13/13 MP: 2/2
   290 | D:1      | Reached XP level 2. HP: 19/19 MP: 3/3
   654 | D:1      | Reached XP level 3. HP: 20/25 MP: 4/4
  1104 | D:2      | Reached skill level 1 in Fighting
  1104 | D:2      | Reached skill level 1 in Short Blades
  1104 | D:2      | Reached skill level 1 in Axes
  1104 | D:2      | Reached skill level 1 in Maces & Flails
  1104 | D:2      | Reached skill level 1 in Polearms
  1104 | D:2      | Reached skill level 1 in Ranged Weapons
  1104 | D:2      | Reached skill level 1 in Throwing
  1104 | D:2      | Reached skill level 1 in Armour
  1104 | D:2      | Reached skill level 1 in Stealth
  1104 | D:2      | Reached skill level 1 in Unarmed Combat
  1104 | D:2      | Reached skill level 1 in Spellcasting
  1297 | D:2      | Reached XP level 4. HP: 28/32 MP: 6/6
  1304 | D:2      | Reached skill level 1 in Conjurations
  1304 | D:2      | Reached skill level 1 in Hexes
  1304 | D:2      | Reached skill level 1 in Summonings
  1304 | D:2      | Reached skill level 1 in Necromancy
  1304 | D:2      | Reached skill level 1 in Translocations
  1304 | D:2      | Reached skill level 1 in Transmutations
  1304 | D:2      | Reached skill level 1 in Fire Magic
  1304 | D:2      | Reached skill level 1 in Ice Magic
  1304 | D:2      | Reached skill level 1 in Air Magic
  1304 | D:2      | Reached skill level 1 in Earth Magic
  1304 | D:2      | Reached skill level 1 in Poison Magic
  1815 | D:3      | Noticed Sigmund
  1815 | D:3      | Noticed Grinder
  1818 | D:2      | Paralysed by Grinder for 5 turns
  1821 | D:2      | Killed from afar by Grinder

Illustrated notes

Levels and vault maps discovered:
D:1:      onia_arrival_pentagram, layout_loops_corners,
          hangedman_abyss_or_decor_lesser_grid, minmay_misc_feat_room
D:2:      layout_loops_ring, minivault_26, minmay_tromino_v4_a
D:3:      layout_rooms, uniq_sigmund, uniq_grinder, uniq_jessica, uniq_robin

Skill      XL: |  1  2  3  4 |
---------------+-------------+-----
Fighting       | 1 |  1.3
Short Blades   | 1 |  1.3
Axes           | 1 |  1.3
Maces & Flails | 1 |  1.3
Polearms       | 1 |  1.3
Ranged Weapons | 1 |  1.3
Throwing       | 1 |  1.3
Armour         | 1 |  1.3
Stealth        | 1 |  1.3
Unarmed Combat | 1 |  1.3
Spellcasting   | 1 |  1.3
Conjurations   | 1 |  1.1
Hexes          | 1 |  1.1
Summonings     | 1 |  1.1
Necromancy     | 1 |  1.1
Translocations | 1 |  1.1
Transmutations | 1 |  1.1
Fire Magic     | 1 |  1.1
Ice Magic      | 1 |  1.1
Air Magic      | 1 |  1.1
Earth Magic    | 1 |  1.1
Poison Magic   | 1 |  1.1
Invocations    | 3 |  3.0
Long Blades    | |  8.6
Staves         | |  2.9
Dodging        | |  4.7
Shields        | |  2.9
Evocations     | |  2.9

Action                   |  1- 3 |  4- 6 || total
-------------------------+-------+-------++-------
Melee: Falchion          |   101 |    42 ||   143
       Bite              |     5 |     5 ||    10
 Stab: Sleeping          |     2 |     1 ||     3
Armor: Leather armour    |    23 |     4 ||    27
Dodge: Dodged            |    49 |    28 ||    77
Block: Buckler           |    22 |     7 ||    29

Table legend: (Time is in decaauts)
 A = Elapsed time spent in this place.
 B = Non-inter-level travel time spent in this place.
 C = Inter-level travel time spent in this place.
 D = Time resting spent in this place.
 E = Time spent auto-exploring this place.
 F = Levels seen in this place.
 G = Mean time per level.
                   A        B        C        D        E       F      G
               +--------+--------+--------+--------+--------+-----+--------+
         Total |   1810 |   1713 |     97 |     49 |   1320 |   3 |  603.3 |
       Dungeon |   1810 |   1713 |     97 |     49 |   1320 |   3 |  603.3 |
               +--------+--------+--------+--------+--------+-----+--------+

Top non-repeatable levels by time:
     D:1: 1000 daAuts
     D:2: 808 daAuts
     D:3: 1 daAuts
